 Dungeon Crawl Stone Soup version 0.28-a0-863-g8cecda6153 (webtiles) character file.

Game seed: 6015312948377171465

14560 kae the Martial Artist (level 11, -12/114 HPs)
             Began as a Black Draconian Transmuter on Nov 18, 2021.
             Was a Follower of Ru.
             Engulfed by a cloud of flame (18 damage)
             ... in a Gauntlet.
             The game lasted 00:10:25 (17504 turns).

kae the Martial Artist (DrTm)                      Turns: 17504, Time: 00:10:26

Health: -12/114    AC:  8    Str: 12    XL:     11   Next: 90%
Magic:  18/21      EV: 12    Int: 17    God:    Ru [*.....]
Gold:   674        SH:  0    Dex: 12    Spells: 16/24 levels left

rFire   x . .      SeeInvis .     - Unarmed
rCold   + + +      Faith    .   (shield currently unavailable)
rNeg    . . .      Spirit   .   (armour unavailable)
rPois   +          Reflect  .   (helmet currently unavailable)
rElec   .          Harm     .   (cloak currently unavailable)
rCorr   +          Rampage  .   (gloves currently unavailable)
Will    +....      NoTele   +   (boots currently unavailable)
Stlth   +.........              (no amulet)
HPRegen 0.29/turn               l - ring of willpower
MPRegen 0.17/turn               k - ring of resist corrosion

@: ice-form, unable to drink
A: freezing attack, amphibious, boosted hp, (breathe lightning), AC +7, large,
unfitting armour, (electricity resistance), (cold-blooded), inability to drink
while threatened
a: End Transformation, Renounce Religion


You were in a Gauntlet.
You worshipped Ru.
Ru was aware of your devotion.
You were a creature of crystalline ice.
You visited 3 branches of the dungeon, and saw 13 of its levels.
You also visited: Gauntlet.

You collected 674 gold pieces.

Inventory:

Hand Weapons
 d - a +1 vorpal whip
Missiles
 i - 2 throwing nets
Armour
 o - a +1 pair of boots (melded)
 t - a +2 pair of gloves of archery (melded)
Jewellery
 e - a ring of ice
 k - a ring of resist corrosion (right front paw)
 l - a ring of willpower (left front paw)
 A - a ring of protection from cold
Wands
 p - a wand of iceblast (5)
 x - a wand of polymorph (19)
 y - a wand of mindburst (15)
Scrolls
 c - a scroll of enchant weapon
 g - a scroll of fog
 r - 4 scrolls of teleportation
 u - 3 scrolls of amnesia
Potions
 a - 2 potions of lignification
 b - a potion of resistance
 f - 3 potions of degeneration
 h - 2 potions of brilliance {unknown}
 j - 2 potions of ambrosia {unknown}
 m - 2 potions of heal wounds
 n - a potion of invisibility {unknown}
 q - a potion of flight {unknown}
 s - 4 potions of haste {unknown}
 v - a potion of magic {unknown}
 w - a potion of might {unknown}
 z - a potion of cancellation {unknown}


   Skills:
 + Level 8.5 Fighting
 + Level 7.1 Dodging
 * Level 11.3 Unarmed Combat
 + Level 7.3 Spellcasting
 + Level 7.8 Transmutations
 - Level 5.0 Ice Magic
 - Level 2.0 Poison Magic


You had 16 spell levels left.
You knew the following spells:

 Your Spells              Type           Power      Damage    Failure   Level
a - Beastly Appendage     Tmut           66%        N/A       1%          1
b - Spider Form           Tmut/Pois      23%        N/A       4%          3
c - Ice Form              Ice/Tmut       28%        N/A       8%          4

Your spell library contained the following spells:

 Spells                   Type           Power      Damage    Failure   Level
 Freeze                   Ice            92%        1d10      1%          1
 Sting                    Tmut/Pois      92%        1d7       1%          1
 Wereblood                Tmut           33%        N/A       1%          2
 Frozen Ramparts          Ice            46%        1d6       4%          3
 Ignite Poison            Fire/Tmut/Pois 17%        N/A       9%          3
 Magic Dart               Conj           24%        1d4       12%         1
 Slow                     Hex            24%        N/A       12%         1
 Poisonous Vapours        Pois/Air       18%        N/A       12%         2
 Call Imp                 Summ           6%         N/A       17%         2
 Mephitic Cloud           Conj/Pois/Air  8%         N/A       26%         3
 Confusing Touch          Hex            6%         N/A       34%         3
 Conjure Flame            Conj/Fire      6%         6-21      34%         3
 Gell's Gravitas          Tloc           6%         N/A       34%         3
 Lesser Beckoning         Tloc           6%         N/A       34%         3
 Teleport Other           Tloc           6%         N/A       34%         3
 Vampiric Draining        Necr           6%         2d6       34%         3
 Hailstorm                Conj/Ice       14%        3d5       38%         4
 Olgreb's Toxic Radiance  Pois           13%        N/A       45%         4
 Sticky Flame             Conj/Fire      6%         2d3       75%         4


Dungeon Overview and Level Annotations

Branches:
Dungeon (11/15)            Temple (1/1) D:5            Lair (1/6) D:10
    Orc (0/2) D:11        Gauntlet (1/1)

Altars:
Ashenzari
Cheibriados
Dithmenos
Elyvilon
Fedhas
Gozag
Hepliaklqana
Kikubaaqudgha
Makhleb
Nemelex Xobeh
Okawaru
Qazlal
Ru
Sif Muna
Trog
Uskayaw
Vehumet
Wu Jian
Xom
Yredelemnul
Zin
The Shining One

Annotations:
D:3 1 runed translucent door, Crazy Yiuf
D:9 exclusion: door
D:11 exclusion: manticore Gauntlet 15 transporters


Innate Abilities, Weirdness & Mutations

You are a creature of crystalline ice.
You have a powerful freezing melee attack.
You are amphibious.
Your maximum health is increased.
Your armour is entirely melded.
You are incapable of wielding weapons or throwing items.
((You can breathe wild blasts of lightning.))
((Your glossy black scales are hard. (AC +7)))
You cannot fit into any form of body armour.
((You are resistant to electric shocks. (rElec)))
((You are cold-blooded and may be slowed by cold attacks.))
You sometimes lose the ability to drink potions when taking damage.


Message History

The fire crab is moderately wounded.
The fire bat barely misses you.
The fire bat bites you but does no damage. x2
The fire crab breathes flames at you. The blast of flame engulfs you.
You punch the fire crab! You freeze the fire crab.
The fire crab is almost dead.
You are engulfed in blazing flames.
The fire bat bites you but does no damage. x3
The fire bat bites you.
You are engulfed in flames!
The fire burns you terribly!
You hit the fire crab but do no damage.
The fire crab is almost dead.
You are engulfed in blazing flames.
You feel threatened and lose the ability to drink potions!
The fire bat bites you.
You are engulfed in flames!
The fire burns you terribly!
The fire bat bites you but does no damage.
The fire crab barely misses you. The fire crab claws you.
You are engulfed in flames!
The fire burns you terribly!
* * * LOW HITPOINT WARNING * * *
The fire bat bites you but does no damage.
You are too injured to fight recklessly!
You are too injured to fight recklessly!
You are too injured to fight recklessly!
You are too injured to fight recklessly!
You are too injured to fight recklessly!
You punch the fire crab! You freeze the fire crab.
You kill the fire crab!
You are engulfed in blazing flames.
* * * LOW HITPOINT WARNING * * *
The fire bat barely misses you. x3
You cannot drink potions in your current state!
Unknown command.
You cannot drink potions in your current state!
Unknown command.
You punch the fire bat! You freeze the fire bat.
The fire bat is heavily wounded.
You are engulfed in blazing flames.
You die...

###≈......©......≈§........
#8#∩...∩........≈8≈........
###≈......©......≈§........
#..###########...########
#..#.........#...#zzz...z
###..#.#.#...#.#...#zz....z
#8#..#...###...#...#zz#...#
###..#.#..b#.#.#.###zzz....
#..#.#.#Yb.#.#.#©#zzz.©..
###..#...###...#.#.#z......
#8#..#.#...###.#.#.#..#...#
###..#.#.#...#.#.#.#.......
#..#...[©.!..#.#.#.^.^.zz
###..#############.########
#8#......#©........#≈§§§ ≈≈
###§.....#########.########
#####..........#.#.......


You could see 2 fire bats.

Vanquished Creatures
  Harold (D:8)
  Erica (D:9)
  A two-headed ogre (D:9)
  A fire crab (Gauntlet)
  A deep elf pyromancer (D:11)
  A manticore (D:7)
  Joseph (D:8)
  An unseen horror (D:11)
  A kobold demonologist (D:11)
  2 komodo dragons (D:10)
  A freezing wraith (D:9)
  A troll (D:10)
  3 hornets
  3 blink frogs
  A meliai zombie (D:11)
  A wraith (D:9)
  11 yaks
  3 wyverns
  2 fire bats (Gauntlet)
  Grum (D:10)
  3 vampire mosquitoes (D:11)
  2 water moccasins
  3 sky beasts
  4 necrophages (D:6)
  6 orc warriors
  4 ice beasts
  4 black bears
  4 ogres
  2 wolves (D:10)
  2 centaurs
  3 kobold brigands
  4 bullfrogs
  A gnoll sergeant (D:11)
  5 scorpions
  A wyvern zombie (D:8)
  A water moccasin skeleton (D:6)
  6 wights
  2 howler monkeys (D:8)
  A crimson imp (D:8)
  2 bullfrog zombies
  A centaur zombie (D:6)
  3 bullfrog skeletons
  7 hounds
  2 jellies (D:6)
  6 orc priests
  4 centaur skeletons
  2 gnoll shamans
  4 iguanas
  5 orc wizards
  A killer bee zombie (D:8)
  A hound skeleton (D:5)
  7 adders
  11 gnolls
  A howler monkey skeleton (D:6)
  3 white imps
  An ufetubus (D:6)
  A worm (D:3)
  5 dart slugs
  25 orcs
  3 bats
  9 endoplasms
  4 giant cockroaches
  10 goblins
  3 hobgoblins
  3 jackals (D:3)
  10 kobolds
  4 quokkas
  5 ball pythons
  5 frilled lizards
  3 goblin skeletons (D:8)
  A goblin zombie (D:8)
  A hobgoblin zombie (D:8)
  A kobold zombie (D:8)
  An orc skeleton (D:8)
  4 rats
255 creatures vanquished.

Vanquished Creatures (others)
  4 fungi (D:10)
  5 plants
  26 withered plants (Gauntlet)
35 creatures vanquished.

Grand Total: 290 creatures vanquished

Notes
Turn   | Place    | Note
-------+----------+-------------------------------------------
     0 | D:1      | kae the Draconian Transmuter began the quest for the Orb.
     0 | D:1      | Reached XP level 1. HP: 16/16 MP: 3/3
    28 | D:1      | Reached XP level 2. HP: 14/23 MP: 3/5
   669 | D:1      | Reached XP level 3. HP: 28/28 MP: 4/6
  1204 | D:2      | Reached XP level 4. HP: 21/36 MP: 5/7
  1358 | D:2      | Learned a level 3 spell: Spider Form
  2302 | D:3      | Reached skill level 4 in Unarmed Combat
  2388 | D:3      | Found a runed translucent door.
  2389 | D:3      | Noticed Crazy Yiuf
  2515 | D:2      | Reached skill level 1 in Poison Magic
  2614 | D:3      | Reached XP level 5. HP: 35/41 MP: 4/8
  2870 | D:3      | Learned a level 4 spell: Ice Form
  3193 | D:4      | Found a glowing silver altar of Zin.
  3377 | D:4      | HP: 1/42 [gnoll (4)]
  3380 | D:4      | Reached skill level 1 in Ice Magic
  3974 | D:4      | Reached XP level 6. HP: 22/50 MP: 10/10
  4402 | D:5      | Entered Level 5 of the Dungeon
  4559 | D:5      | Found a staircase to the Ecumenical Temple.
  4591 | Temple   | Entered the Ecumenical Temple
  5629 | D:5      | Your scales start taking on a glossy black colour.
  5629 | D:5      | Reached XP level 7. HP: 55/57 MP: 7/11
  5629 | D:5      | Gained mutation: You are resistant to electric shocks.
                  | (rElec) [Black Draconian growth]
  6368 | D:6      | Reached skill level 5 in Unarmed Combat
  6559 | D:6      | Found a snail-covered altar of Cheibriados.
  6879 | D:6      | Found an ornate altar of the Wu Jian Council.
  7065 | D:6      | Reached XP level 8. HP: 54/66 MP: 9/13
  7073 | D:6      | HP: 1/66 [orc warrior (17)]
  7079 | D:6      | Found a sparkling altar of Nemelex Xobeh.
  7100 | D:6      | HP: 2/66 [centaur skeleton (2)]
  7757 | D:6      | Reached skill level 6 in Unarmed Combat
  8045 | D:6      | Reached skill level 5 in Ice Magic
  8045 | D:6      | Reached XP level 9. HP: 73/73 MP: 10/15
  8418 | D:6      | Reached skill level 5 in Fighting
  8538 | D:6      | Reached skill level 7 in Unarmed Combat
  8885 | D:6      | Reached skill level 5 in Transmutations
  9052 | D:7      | Found a shimmering altar of Xom.
  9245 | D:7      | Noticed a manticore
  9256 | D:7      | HP: 2/88 [manticore (5)]
  9257 | D:7      | Killed a manticore
  9258 | D:7      | Reached skill level 8 in Unarmed Combat
  9258 | D:7      | Reached skill level 5 in Spellcasting
  9606 | D:7      | You fall into a shaft and drop 1 floor!
  9606 | D:8      | Noticed Joseph
  9619 | D:8      | Killed Joseph
  9620 | D:8      | Reached skill level 5 in Dodging
 10192 | D:7      | Reached XP level 10. HP: 83/83 MP: 13/17
 10915 | D:7      | Identified the +4 war axe of Poinooss {freeze, +Blink}
 11064 | D:7      | Found a blossoming altar of Fedhas.
 11218 | D:7      | Found a bloodstained altar of Trog.
 11219 | D:7      | Found a radiant altar of Vehumet.
 11220 | D:7      | Found an ancient bone altar of Kikubaaqudgha.
 11221 | D:7      | Found a sacrificial altar of Ru.
 11226 | D:7      | Became a worshipper of Ru the Awakened
 11555 | D:8      | Found a glowing golden altar of the Shining One.
 11765 | D:8      | Noticed Harold
 11784 | D:8      | Killed Harold
 11785 | D:8      | Reached skill level 9 in Unarmed Combat
 12380 | D:9      | Noticed Erica
 12400 | D:9      | Killed Erica
 12719 | D:9      | Found a stormy altar of Qazlal.
 12734 | D:9      | Paralysed by a hornet for 3 turns
 12985 | D:9      | Noticed a two-headed ogre
 12993 | D:9      | Killed a two-headed ogre
 12994 | D:9      | Reached XP level 11. HP: 69/92 MP: 16/20
 13156 | D:8      | Reached skill level 10 in Unarmed Combat
 13656 | D:10     | Entered Level 10 of the Dungeon
 14183 | D:10     | Noticed Grum
 14202 | D:10     | Killed Grum
 14676 | D:10     | Found a staircase to the Lair.
 15160 | D:10     | Found a broken altar of Ashenzari.
 15256 | D:11     | Found the necklace of Bloodlust {*Rage Will++ Int-3 Slay+6}
 15257 | D:11     | Noticed a deep elf pyromancer
 15257 | D:11     | Noticed a deep elf pyromancer
 15257 | D:11     | Noticed a death knight
 15257 | D:11     | Noticed a centaur warrior
 15257 | D:11     | Noticed a centaur warrior
 15277 | D:11     | Paralysed by a hornet for 2 turns
 15286 | D:11     | Noticed a tengu warrior
 15287 | D:11     | Noticed a centaur warrior
 15287 | D:11     | Noticed a white ugly thing
 16068 | D:11     | Noticed a deep elf pyromancer
 16077 | D:11     | Killed a deep elf pyromancer
 16161 | D:11     | Found a staircase to the Orcish Mines.
 16895 | Lair:1   | Entered Level 1 of the Lair of Beasts
 16903 | D:10     | Reached skill level 11 in Unarmed Combat
 17003 | Lair:1   | Gained mutation: You sometimes lose the ability to drink
                  | potions when taking damage. [Ru sacrifice]
 17003 | Lair:1   | Reached * piety under Ru
 17029 | Lair:1   | Found a gate leading to a gauntlet.
 17046 | Gauntlet | Entered a Gauntlet
 17046 | Gauntlet | Found a transporter.
 17046 | Gauntlet | Found a transporter.
 17070 | Gauntlet | Noticed a wizard
 17076 | Gauntlet | Noticed a fire crab
 17131 | Gauntlet | Found a transporter.
 17131 | Gauntlet | Found a transporter.
 17133 | Gauntlet | Noticed a wolf spider
 17136 | Gauntlet | Noticed an entropy weaver
 17139 | Gauntlet | Found a transporter.
 17164 | Gauntlet | Found a transporter.
 17167 | Gauntlet | Noticed a five-headed hydra
 17168 | Gauntlet | Found a transporter.
 17171 | Gauntlet | Found a transporter.
 17175 | Gauntlet | Found a transporter.
 17177 | Gauntlet | Noticed a death yak
 17177 | Gauntlet | Noticed a death yak
 17177 | Gauntlet | Noticed a death yak
 17198 | Gauntlet | Found a transporter.
 17205 | Gauntlet | Found a transporter.
 17223 | Gauntlet | Found a transporter.
 17256 | Gauntlet | Found a transporter.
 17258 | Gauntlet | Noticed a reaper
 17270 | Gauntlet | Found a transporter.
 17370 | Gauntlet | Found a transporter.
 17386 | Gauntlet | Found a transporter.
 17394 | Gauntlet | Found the amulet of Vitality {Regen+ HP+15}
 17397 | Gauntlet | Noticed a cacodemon
 17503 | Gauntlet | Killed a fire crab
 17503 | Gauntlet | HP: 5/114 [something (24)]
 17504 | Gauntlet | Engulfed by a cloud of flame

Illustrated notes

Levels and vault maps discovered:
D:1:      erik_arrival_blinker_ship, layout_loops_cross
D:2:      layout_rooms, nicolae_concentric_dashed_squares_mild
D:3:      layout_rooms, uniq_crazy_yiuf_cottage
D:4:      minmay_angry_zag, layout_basic, zin_statuary
D:5:      layout_layer_cave, minmay_temple_entry_butterflies
D:6:      minmay_thinvault, layout_basic, old_standard_altar,
          kennysheep_slug_shrine, nicolae_wu_jian_wuxing_cycle,
          grunt_decor_arrowhead
D:7:      layout_cave_pods, kennysheep_mini, mainiacjoe_overflow_alcove_3,
          xom_confusion_cloud
D:8:      layout_basic, nicolae_tso_besieged_by_evil, uniq_harold, uniq_joseph
D:9:      layout_gridville, grunt_qazlal_clouds, uniq_erica
D:10:     layout_roguey, lemuel_coloured_pillars_altar,
          grunt_lair_entry_orc_guard_hut, uniq_grum
D:11:     layout_small_grid, orc_0_dummy, minivault_12
Temple:   grunt_temple_mini_profane
Lair:1:   layout_roguey [special_room_bee], gauntlet_entry_generic,
          infiniplex_staircase_pool
Gauntlet: gammafunk_gauntlet_branching [gammafunk_gauntlet_arena_grid,
          nicolae_gauntlet_arena_grate_2, gammafunk_gauntlet_arena_teeth,
          gammafunk_gauntlet_arena_split_x, gammafunk_gauntlet_arena_hedges,
          nicolae_gauntlet_arena_quarters, gammafunk_gauntlet_arena_mazey,
          nicolae_gauntlet_arena_x, dreamdust_gauntlet_exit_labyrinth]

Skill      XL: |  1  2  3  4  5  6  7  8  9 10 11 |
---------------+----------------------------------+-----
Dodging        | 2 3 4 5 6 7 |  7.1
Fighting       | 2 3 4 6 7 8 |  8.5
Unarmed Combat | 4 5 6 8 9 11 | 11.3
Poison Magic   | 1 2 |  2.0
Ice Magic      | 1 2 3 5 |  5.0
Transmutations | 3 4 5 6 7 |  7.8
Spellcasting   | 3 4 5 6 7 |  7.3

Action                   |  1- 3 |  4- 6 |  7- 9 | 10-12 || total
-------------------------+-------+-------+-------+-------++-------
Melee: Unarmed           |    27 |   183 |   245 |   304 ||   759
       Headbutt          |    13 |    17 |     2 |       ||    32
       Kick              |     8 |    20 |     2 |       ||    30
       Tailslap          |     7 |    15 |     5 |     1 ||    28
       Whip              |    48 |    20 |       |       ||    68
       Punch             |     1 |     1 |     1 |     1 ||     4
 Cast: Beastly Appendage |    14 |    28 |     2 |       ||    44
       Spider Form       |       |     9 |    14 |       ||    23
       Ice Form          |       |       |    19 |    40 ||    59
Invok: Sacrifice Drink   |       |       |       |     1 ||     1
 Abil: Breathe Lightning |       |       |       |     1 ||     1
Evoke: Wand              |       |       |     3 |       ||     3
  Use: Scroll            |     4 |     5 |     5 |     6 ||    20
       Potion            |       |     2 |     4 |     2 ||     8
Armor: Skin              |    23 |    49 |    86 |   117 ||   275
Dodge: Dodged            |    67 |   193 |   183 |   179 ||   622

Table legend: (Time is in decaauts)
 A = Elapsed time spent in this place.
 B = Non-inter-level travel time spent in this place.
 C = Inter-level travel time spent in this place.
 D = Time resting spent in this place.
 E = Time spent auto-exploring this place.
 F = Levels seen in this place.
 G = Mean time per level.
                   A        B        C        D        E       F      G
               +--------+--------+--------+--------+--------+-----+--------+
         Total |  17479 |  16468 |   1011 |   1408 |  12884 |  14 | 1248.5 |
       Dungeon |  16694 |  15767 |    927 |   1347 |  12401 |  11 | 1517.6 |
        Temple |    241 |    200 |     41 |      0 |    198 |   1 |  241.0 |
          Lair |     86 |     43 |     43 |      0 |      0 |   1 |   86.0 |
      Gauntlet |    456 |    456 |      0 |     61 |    285 |   1 |  456.0 |
               +--------+--------+--------+--------+--------+-----+--------+

Top non-repeatable levels by time:
     D:6: 2754 daAuts
    D:10: 1707 daAuts
     D:5: 1676 daAuts
     D:8: 1654 daAuts
     D:9: 1555 daAuts
     D:7: 1493 daAuts
     D:4: 1448 daAuts
     D:2: 1445 daAuts
    D:11: 1307 daAuts
     D:1: 955 daAuts
     D:3: 696 daAuts
Gauntlet: 456 daAuts
  Temple: 241 daAuts
  Lair:1: 86 daAuts
